 Dungeon Crawl Stone Soup version 0.27-a0-1200-g94dc6ad4cf (webtiles) character file.

Game seed: 1776235346551149282

751 Ijustatesigmund the Chopper (level 7, -3/56 HPs)
             Began as a Demonspawn Fighter on June 1, 2021.
             Slain by Grinder (4 damage)
             ... on level 4 of the Dungeon.
             The game lasted 00:09:11 (5697 turns).

Ijustatesigmund the Chopper (Demonspawn Fighter)    Turns: 5697, Time: 00:09:12

Health: -3/56      AC:  7    Str: 17    XL:     7   Next: 49%
Magic:  7/7        EV: 10    Int:  9    God:
Gold:   277        SH: 14    Dex: 14    Spells: 6/6 levels left

rFire    + . .     SeeInvis +   a - +1 war axe
rCold    . . .     Faith    .   c - +0 kite shield
rNeg     . . .     Spirit   .   b - +0 scale mail
rPois    .         Reflect  +   i - +1 hat {SInv}
rElec    .         Harm     .   (no cloak)
rCorr    .         Rampage  .   (no gloves)
Will     .....                  (no boots)
Stlth    ..........             f - amulet of reflection
HPRegen  0.18/turn              g - ring of protection from fire
MPRegen  0.10/turn              (no ring)

@: no status effects
A: claws 2, repulsion field 1, powered by pain 1
a: no special abilities


You were on level 4 of the Dungeon.
You visited 1 branch of the dungeon, and saw 4 of its levels.

You collected 277 gold pieces.

Inventory:

Hand Weapons
 a - a +1 war axe (weapon)
Armour
 b - a +0 scale mail (worn)
 c - a +0 kite shield (worn)
 i - a +1 hat of see invisible (worn)
Jewellery
 f - an amulet of reflection (around neck)
 g - a ring of protection from fire (left claw)
Wands
 j - a wand of charming (11)
Scrolls
 d - a scroll of enchant armour
 e - 2 scrolls of magic mapping
 h - 2 scrolls of identify
 k - 2 scrolls of teleportation


   Skills:
 + Level 5.1 Fighting
 + Level 5.5 Axes
 + Level 3.2 Armour
 - Level 2.6 Dodging
 + Level 3.2 Shields


You had 6 spell levels left.
You didn't know any spells.
Your spell library contained the following spells:

 Spells                   Type           Power      Damage    Failure   Level
 Magic Dart               Conj           0%         1d3       99%         1
 Searing Ray              Conj           0%         3d3       100%        2
 Dazzling Flash           Conj/Hex       0%         N/A       100%        3
 Fulminant Prism          Conj/Hex       0%         3d6       100%        4
 Iskenderun's Mystic Bla  Conj/Tloc      0%         2d3       100%        4


Dungeon Overview and Level Annotations

Branches:
Dungeon (4/15)
 Temple: D:4-7

Altars:
Ru
Xom
The Shining One

Shops:
D:1 =(:[   D:2 *

Annotations:
D:4 Grinder


Innate Abilities, Weirdness & Mutations

You have very sharp fingernails.
You are surrounded by a mild repulsion field. (EV +2)
You sometimes gain a little power by taking damage.


Message History

You block Grinder's attack.
Grinder says, "Mostly I couldn't keep them alive."
Grinder hits you.
You barely miss Grinder.
Grinder is heavily wounded.
Grinder hits you.
You writhe in agony.
You closely miss Grinder.
Grinder is heavily wounded.
You block Grinder's attack. Grinder hits you.
* * * LOW HITPOINT WARNING * * *
You writhe in agony.
* * * LOW HITPOINT WARNING * * *
You slash Grinder!
Grinder is severely wounded.
Grinder hits you but does no damage.
You hit Grinder.
Grinder is almost dead.
You block Grinder's attack.
You hit Grinder but do no damage.
Grinder is almost dead.
Grinder hits you.
* * * LOW HITPOINT WARNING * * *
Grinder blinks!
There is an open door, spattered with blood here.
You hit Grinder but do no damage.
Grinder is almost dead.
Grinder closely misses you.
Your shield prevents you from hitting Grinder.
Grinder is almost dead.
Grinder gestures at you. Pain shoots through your body!
* * * LOW HITPOINT WARNING * * *
Grinder says, "You look like you could use a good racking."
You block Grinder's attack.
You hit Grinder but do no damage.
Grinder is almost dead.
Grinder hits you!
* * * LOW HITPOINT WARNING * * *
You writhe in agony.
You die...

..###### #......# #......# #.
### +......# ... ..####......#
##.####.#.........# ######
......#.#.........# #....#
##.##.#.#.........# #....#
#...#.#.#...####@## #....#
.._...).....#...5# ####....#
#...#.#.#...#....#######..#....#
##.##.#.#...#....#........#....#
......#.#...##'####.......#....#
##)####.#...#....##.......#....#
........#...#.............#.(..#
##.######...#.........######...#
##.###......#....##...#P...###.#


You could see Grinder.

Vanquished Creatures
  Sigmund (D:4)
  2 ogres
  A phantom (D:4)
  A scorpion (D:4)
  An orc priest (D:3)
  An iguana (D:4)
  Robin (D:3)
  5 adders
  6 gnolls
  A white imp (D:3)
  12 orcs
  6 bats
  11 endoplasms
  3 giant cockroaches
  14 goblins
  9 hobgoblins
  12 jackals
  6 quokkas
  9 ball pythons
  8 frilled lizards
  2 goblin skeletons (D:3)
  3 hobgoblin zombies (D:3)
  7 kobolds
  2 kobold zombies (D:3)
  13 rats
137 creatures vanquished.

Vanquished Creatures (others)
  4 plants (D:4)
4 creatures vanquished.

Grand Total: 141 creatures vanquished

Notes
Turn   | Place    | Note
-------+----------+-------------------------------------------
     0 | D:1      | Ijustatesigmund the Demonspawn Fighter began the quest for
                  | the Orb.
     0 | D:1      | Reached XP level 1. HP: 18/18 MP: 1/1
   265 | D:1      | Found Viovvysh's Jewellery Emporium.
   432 | D:1      | Gained mutation: You are surrounded by a mild repulsion
                  | field. (EV +2) [demonic ancestry]
   432 | D:1      | Reached XP level 2. HP: 17/24 MP: 2/2
   512 | D:1      | Found Vukaudit's Book Shoppe.
   735 | D:1      | Found a faded altar of an unknown god.
   827 | D:1      | Found Ehoetwan's Antique Weapon Boutique.
  1160 | D:1      | Found Bebbyco's Antique Armour Shop.
  1228 | D:1      | Reached XP level 3. HP: 28/29 MP: 3/3
  2242 | D:2      | Found Quhof's Assorted Antiques.
  2433 | D:2      | Gained mutation: You have sharp fingernails. [demonic
                  | ancestry]
  2433 | D:2      | Reached XP level 4. HP: 35/35 MP: 4/4
  3173 | D:3      | Reached XP level 5. HP: 41/41 MP: 5/5
  3210 | D:3      | Noticed Robin
  3219 | D:3      | Killed Robin
  3344 | D:3      | Reached skill level 1 in Dodging
  3570 | D:3      | Noticed an ogre
  3843 | D:3      | Killed an ogre
  3844 | D:3      | Gained mutation: You have very sharp fingernails. [demonic
                  | ancestry]
  3844 | D:3      | Reached XP level 6. HP: 15/48 MP: 6/6
  4787 | D:4      | Noticed Sigmund
  4808 | D:4      | Killed Sigmund
  4809 | D:4      | Reached skill level 5 in Axes
  5076 | D:4      | Gained mutation: You sometimes gain a little power by
                  | taking damage. [demonic ancestry]
  5076 | D:4      | Reached XP level 7. HP: 30/55 MP: 7/7
  5241 | D:4      | Found a shimmering altar of Xom.
  5283 | D:4      | Found a sacrificial altar of Ru.
  5346 | D:4      | Reached skill level 5 in Fighting
  5672 | D:4      | Noticed Grinder
  5697 | D:4      | HP: 1/56 [Grinder (7)]
  5697 | D:4      | Slain by Grinder

Illustrated notes

Levels and vault maps discovered:
D:1:      heliophobic_arrival_enchanted_forest, layout_basic,
          ebering_ecumenical_altar_mist, serial_shops, shop_coins, shop,
          nicolae_shop_stone, nicolae_shop_trees
D:2:      layout_basic, serial_shops, nicolae_shop_overgrown_old_shop
D:3:      minmay_bubble_buster, layout_rooms, nicolae_tso_besieged_by_evil,
          uniq_robin
D:4:      layout_gridville, nicolae_ru_sacrificial_ziggurat,
          makhleb_blood_cavern_becter, lemuel_tele_altar, minmay_lizard_king,
          uniq_sigmund, uniq_grinder

Skill      XL: |  1  2  3  4  5  6  7 |
---------------+----------------------+-----
Axes           | 2 3 4 5 |  5.5
Dodging        | 1 2 |  2.6
Fighting       | 4 5 |  5.1
Armour         | 3 |  3.2
Shields        | 3 |  3.2

Action                   |  1- 3 |  4- 6 |  7- 9 || total
-------------------------+-------+-------+-------++-------
Melee: War axe           |   151 |   178 |    74 ||   403
  Use: Scroll            |     4 |     5 |     2 ||    11
       Potion            |       |     5 |       ||     5
Armor: Scale mail        |    88 |    81 |    13 ||   182
Dodge: Dodged            |    53 |    85 |    18 ||   156
Block: Kite shield       |    96 |    94 |    51 ||   241

Table legend: (Time is in decaauts)
 A = Elapsed time spent in this place.
 B = Non-inter-level travel time spent in this place.
 C = Inter-level travel time spent in this place.
 D = Time resting spent in this place.
 E = Time spent auto-exploring this place.
 F = Levels seen in this place.
 G = Mean time per level.
                   A        B        C        D        E       F      G
               +--------+--------+--------+--------+--------+-----+--------+
         Total |   5923 |   5830 |     93 |   1834 |   3023 |   4 | 1480.8 |
       Dungeon |   5923 |   5830 |     93 |   1834 |   3023 |   4 | 1480.8 |
               +--------+--------+--------+--------+--------+-----+--------+

Top non-repeatable levels by time:
     D:1: 2142 daAuts
     D:2: 1467 daAuts
     D:3: 1266 daAuts
     D:4: 1047 daAuts
